cohdb
Replays
Latest Replays
All Replays
Popular Replays
Top Player Replays
Match Explorer
How It Works
Community
CoH3 Stats
Reddit
Sign in to upload your games and track your stats! →
Sign in with Steam
Match 44588275
Unlisted
Match 44588275
Overview
Messages
Build Orders
End
Pioneer Squad
Construct Infanterie Kompanie
Selects Breakthrough Battlegroup
Selects Assault Grenadiers
Grenadier Squad
Grenadier Squad
Grenadier Squad
MG 42 Machine Gun Team
Infanterie Officer Quarters
Construct Luftwaffe Kompanie
Selects Rapid Production
Selects Breakthrough
221 Scout Car
Jäger Squad
Breakthrough
咚咚锵个腿
Franz Kafka
0
0
Comments
sign in to comment!
No comments posted yet!